[Event "Late-Titled-Tuesday-Blitz-September-12-2023"]
[Site "Chess.com"]
[Date "2023.09.12"]
[Round "6"]
[White "Atanejhad"]
[Black "ahkashefi2800"]
[Result "0-1"]
[WhiteElo "2458"]
[BlackElo "2617"]
[TimeControl "180+1"]
[EndTime "15:05:12 PDT"]
[Termination "ahkashefi2800 won on time"]

1. d4 d5 2. c4 c6 3. Nc3 Nf6 4. e3 Bf5 5. Qb3 Qb6 6. c5 Qc7 7. Nf3 Nbd7 8. Nh4 Bg6 9. Nxg6 hxg6 10. h3 e5 11. Be2 Be7 12. a4 g5 13. a5 a6 14. Na4 Qxa5+ 15. Bd2 Qc7 16. Bc3 e4 17.
Nb6 Nxb6 18. Ba5 g4 19. Bxb6 Qb8 20. O-O-O gxh3 21. gxh3 Nd7 22. Ba5 Bd8 23. Bxd8 Kxd8 24. Rdg1 g6 25. h4 b6 26. cxb6 Qxb6 27. Qxb6+ Nxb6 28. h5 gxh5 29. Rxh5 Rxh5 30. Bxh5 Ke7 31.
Rg7 Rf8 32. Rh7 Nd7 33. Be2 a5 34. Rh6 f6 35. Bh5 c5 36. Rh7+ Kd6 37. Kd2 cxd4 38.
exd4 f5 39. Rh6+ Nf6 40. Be2 f4 41. Rh4 f3 42. Bd1 Rb8 43. b3 Ke6 44. Kc3 Kf5 45. Rh6 Rc8+ 46. Kd2 Rb8 47. Rh1 Rb4 48. Kc3 Kf4 49.
Rh8 Ng4 50. Rf8+ Kg5 51. Rg8+ Kf5 52. Rd8 Ke6 53. Re8+ Kd7 54. Ra8 Nxf2 55. Rxa5 Nxd1+ 56. Kxb4 f2 57. Rxd5+ Ke6 58. Re5+ Kf6 59. Re8 Kf7 60.
Rxe4 f1=Q 61. d5 Qd3 62. Rf4+ Ke7 63. Kc5 Qe3+ 64. Rd4 Nc3 65. d6+ Kd7 66. Kc4 Ne4 0-1

[Event "Late-Titled-Tuesday-Blitz-September-12-2023"]
[Site "Chess.com"]
[Date "2023.09.12"]
[Round "6"]
[White "AsaHoffmann"]
[Black "Langua_Chess"]
[Result "1/2-1/2"]
[WhiteElo "2341"]
[BlackElo "2480"]
[TimeControl "180+1"]
[EndTime "15:05:14 PDT"]
[Termination "Game drawn - insufficient material"]

1. d4 Nf6 2. Bg5 c5 3. d5 Qb6 4. Nc3 Qxb2 5. Bd2 Qb6 6. e4 d6 7.
f4 Bg4 8. Be2 Bxe2 9. Qxe2 g6 10. e5 Nh5 11. Nf3 Bh6 12. g3 O-O 13. Rb1 Qd8 14. Rxb7 Nd7 15. O-O Nb6 16. exd6 exd6 17. Qe7 Qxe7 18. Rxe7 Bg7 19. Rd1 Rfe8 20. Rxe8+ Rxe8 21. Kf2 Nf6 22. Nb5 Ne4+ 23. Kg2 a6 24. Nc7 Rc8 25. Nxa6 Ra8 26. Nc7 Rxa2 27. Ne1 f5 28.
Kf3 Nc4 29. Bc1 Ra1 30. Nd3 Ra2 31. Ne1 Bc3 32. Nb5 Bxe1 33. Rxe1 Rxc2 34. Be3 Rb2 35. Nc7 Rb3 36. h3 Kf7 37. g4 h5 38. gxf5 gxf5 39.
Ne6 Kf6 40. h4 Rb2 41. Ng5 Ned2+ 42. Bxd2 Nxd2+ 43. Ke3 Nc4+ 44. Kd3 Nb6 45. Re6+ Kg7 46. Rxd6 Na4 47. Rd7+ Kf8 48. d6 c4+ 49. Kd4 Nb6 50. Rf7+ Ke8 51. Re7+ Kd8 52. Ne6+ Kc8 53. Rc7+ Kb8 54.
Nc5 Rd2+ 55. Kc3 Rxd6 56. Rf7 Ka8 57. Rxf5 Kb8 58. Rxh5 Nd5+ 59. Kxc4 Nxf4 60. Rf5 Ng2 61. h5 Rg6 62. Kb5 Rh6 63. Rg5 Nf4 64. Rg8+ Kc7 65. Rg7+ Kd6 66. Rg5 Rxh5 67. Rxh5 Nxh5 1/2-1/2

[Event "Late-Titled-Tuesday-Blitz-September-12-2023"]
[Site "Chess.com"]
[Date "2023.09.12"]
[Round "6"]
[White "Jenia84"]
[Black "Andrej2004"]
[Result "1-0"]
[WhiteElo "2378"]
[BlackElo "2535"]
[TimeControl "180+1"]
[EndTime "15:05:15 PDT"]
[Termination "Jenia84 won by resignation"]

1. Nf3 b6 2. g3 Bb7 3. Bg2 g6 4.
O-O Bg7 5. c3 d6 6. d4 Nf6 7.
Bg5 O-O 8. Nbd2 Nbd7 9. Qc2 h6 10. Bxf6 Bxf6 11. e4 e5 12. Rad1 Re8 13. Rfe1 Qe7 14.
dxe5 Nxe5 15. Nxe5 Bxe5 16. f4 Bg7 17. Nc4 a5 18. e5 Bxg2 19. Qxg2 dxe5 20. Nxe5 Qc5+ 21. Qf2 Qb5 22. c4 Qb4 23. b3 Bxe5 24. fxe5 Qe7 25.
Rd5 Rad8 26. Qd4 Qg5 27. Qf4 Qxf4 28. gxf4 c6 29. Rdd1 Kf8 30. Kf2 Ke7 31. Ke3 Ke6 32. Ke4 f6 33. Rg1 Kf7 34. h4 g5 35. hxg5 hxg5 36. Rxd8 Rxd8 37. fxg5 fxe5 38. g6+ Kg7 39. Kxe5 Rd2 40. Rg3 b5 41. cxb5 cxb5 42. a3 b4 43. axb4 axb4 44. Ke4 Rd1 45. Rd3 Rh1 46.
Kd5 Kxg6 47. Kc4 Kf6 48. Kxb4 Ke5 49. Kc5 Rh8 50. b4 Rc8+ 51. Kb5 Rb8+ 52. Ka5 Ra8+ 53. Kb5 Rb8+ 54. Kc4 Rc8+ 55. Kb3 Rb8 56. Rd7 Ke6 57. Rd4 Ke5 58. Kc3 Rc8+ 59. Rc4 Rb8 60. Rc6 Kd5 61. Rc5+ Kd6 62. Kc4 Rb7 63. b5 Ra7 64. Rc6+ Kd7 65. Kc5 Rb7 66. b6 Kd8 67. Kb5 Rh7 68. Ka6 Rh1 69.
Kb7 Kd7 70. Rc7+ Kd6 71. Rg7 Rg1 72. Rxg1 1-0

[Event "Late-Titled-Tuesday-Blitz-September-12-2023"]
[Site "Chess.com"]
[Date "2023.09.12"]
[Round "6"]
[White "DvaHrasta"]
[Black "Veleamater"]
[Result "0-1"]
[WhiteElo "2462"]
[BlackElo "2329"]
[TimeControl "180+1"]
[EndTime "15:05:16 PDT"]
[Termination "Veleamater won on time"]

1. c4 d6 2. g3 g6 3. Bg2 Bg7 4. Nc3 Nf6 5. Nf3 O-O 6. O-O Nc6 7. d3 e5 8. Rb1 h6 9. b4 Nd7 10. b5 Ne7 11. e4 Rb8 12. Be3 f5 13. Bxa7 Ra8 14. Be3 f4 15. Bd2 g5 16. h3 Ng6 17. a4 h5 18. Re1 g4 19. hxg4 hxg4 20. Nh2 f3 21. Bf1 Nc5 22. Be3 Nf4 23. d4 exd4 24.
Bxd4 Nfe6 25. Bxg7 Nxg7 26. Nd5 b6 27. Qd2 Be6 28.
Qh6 Nd7 29. Nf4 Qf6 30. Qxf6 Nxf6 31. e5 dxe5 32. Rxe5 Bf5 33. Ra1 Rfe8 34. Rxe8+ Nfxe8 35. c5 Kf8 36. Bc4 bxc5 37. Nd5 Nd6 38. Ne3 Nxc4 39. Nxc4 Be6 40. Ne3 Bb3 41. a5 c4 42. Nd5 Ne6 43.
Nxg4 Rb8 44. a6 Ra8 45. Ne5 Ke8 46. Nxf3 Kd8 47. Nd2 Nc5 48. Nxb3 cxb3 49. Rb1 Kd7 50. Nb4 Kd6 51. Rd1+ Ke6 52. Nd3 Ne4 53. Rb1 Nd2 54. Rb2 Nf3+ 55. Kg2 Nd4 56. Nc1 Nxb5 57. Nxb3 Kd5 58. Ra2 c5 59. Nd2 c4 60. Nxc4 Kxc4 61. a7 Nxa7 62. f4 Kc5 63. Kf3 Kb6 64. g4 Rf8 65. g5 Nb5 66. Kg4 Nd4 67. Rd2 Kc5 68. g6 Nb3 69. Rd7 Kc6 0-1

[Event "Late-Titled-Tuesday-Blitz-September-12-2023"]
[Site "Chess.com"]
[Date "2023.09.12"]
[Round "6"]
[White "Polish_fighter3000"]
[Black "kingofthenil"]
[Result "1-0"]
[WhiteElo "3080"]
[BlackElo "2790"]
[TimeControl "180+1"]
[EndTime "15:05:22 PDT"]
[Termination "Polish_fighter3000 won on time"]

1. e4 Nc6 2. Nc3 d5 3. Nxd5 f5 4. Nc3 Nf6 5. exf5 Bxf5 6. Bb5 e5 7. d3 Bd6 8. Nf3 O-O 9. Bxc6 bxc6 10. Ng5 Qe8 11. Qe2 Qg6 12. f3 Nd5 13. Nge4 Rab8 14. O-O h6 15. Kh1 Kh8 16. b3 Rbe8 17. Bb2 Nf4 18. Qf2 a6 19. Rad1 Be6 20. Rd2 Be7 21. Ne2 Bh4 22. Nxf4 Rxf4 23. g3 Bh3 24. Rg1 Qf5 25. gxh4 Rxf3 26. Qe2 Qf4 27. Bc1 Re3 28.
Qxe3 Qxe3 29. Rf2 Qd4 30. Rg3 Be6 31. Bxh6 Bd5 32. Bxg7+ Kh7 33. Rf7 Bxe4+ 34. dxe4 Qxe4+ 35. Kg1 Qd4+ 36. Kf1 Qd1+ 37. Kf2 Qd2+ 38. Kg1 Qd1+ 39. Rf1 Qd4+ 40. Rf2 Rg8 41. Bf6 Qd1+ 42. Kg2 Qd5+ 43. Kg1 Qd1+ 44. Rf1 Qd4+ 45. Kg2 Qe4+ 46. Kf2 Qd4+ 47.
Ke2 Qe4+ 48. Kd2 Qd4+ 49. Ke1 Qe4+ 50. Kf2 Qd4+ 51. Kg2 Qe4+ 52. Kh3 Rxg3+ 53. hxg3 Qxc2 54. Bxe5 Qe2 55. Rf7+ Kg6 56. Rf6+ Kh7 57. Rf5 Qe4 58.
Rh5+ Kg6 59. Rg5+ Kh6 60. Bf4 Qh1+ 61. Kg4 Qd1+ 62. Kf5 Qd7+ 63. Ke5 Qd5+ 64. Kf6 Qd8+ 65. Ke6 Qe8+ 66. Kf5 Qd7+ 67. Ke4 Kh7 68. Rh5+ Kg6 69. Re5 1-0

[Event "Late-Titled-Tuesday-Blitz-September-12-2023"]
[Site "Chess.com"]
[Date "2023.09.12"]
[Round "6"]
[White "BrandonJacobson"]
[Black "Iball95"]
[Result "0-1"]
[WhiteElo "3036"]
[BlackElo "2797"]
[TimeControl "180+1"]
[EndTime "15:05:23 PDT"]
[Termination "Iball95 won on time"]

1. Nf3 d5 2. e3 Nf6 3. c4 e6 4. Nc3 c5 5. d4 Nc6 6. cxd5 exd5 7. Bb5 cxd4 8. Nxd4 Bd7 9. O-O Bd6 10. Nf3 Be6 11. Nd4 Bd7 12. Nf3 Be6 13. b3 O-O 14. Bb2 Rc8 15.
Rc1 Qe7 16. h3 Rfd8 17. Ne2 Ne4 18. Nf4 Bxf4 19. exf4 f6 20. Re1 Qd6 21. Nd4 Nxd4 22. Qxd4 a6 23. Bd3 Bf5 24. Rxc8 Bxc8 25. Rd1 Nc5 26.
Bc4 Be6 27. f5 Bf7 28. Be2 a5 29. Bf3 b6 30. Ba3 h6 31. Rc1 Nxb3 32. Qb2 Nc5 33.
Qb5 Be8 34. Qb1 Rc8 35. Rd1 Bf7 36. Qb5 d4 37. Be2 Rd8 38. Bb2 d3 39. Bf1 Bxa2 40.
Ba3 Bf7 41. Rxd3 Qc7 42. Rc3 Rc8 43. Bc4 Bxc4 44. Qxc4+ Kh8 45. Qb5 Qe5 46. Re3 Qd6 47.
g3 Rd8 48. Bb2 Qd1+ 49. Kh2 Qd2 50. Re2 Qd6 51. Ba3 Rc8 52. Rc2 Qc6 53. Qc4 Rd8 54. Rb2 Rc8 55. Qf7 Qd7 56. Qg6 Qc6 57. Re2 Qd7 58. Bxc5 bxc5 59. Rc2 c4 60. Qg4 Qd3 61.
Re2 c3 62. Re7 Rg8 63. Rc7 Qd2 0-1

[Event "Late-Titled-Tuesday-Blitz-September-12-2023"]
[Site "Chess.com"]
[Date "2023.09.12"]
[Round "6"]
[White "azikom"]
[Black "kacprekt"]
[Result "1-0"]
[WhiteElo "2660"]
[BlackElo "2502"]
[TimeControl "180+1"]
[EndTime "15:05:23 PDT"]
[Termination "azikom won by resignation"]

1. e4 c5 2. Nc3 a6 3. g3 b5 4. Bg2 Bb7 5. d3 g6 6. f4 Bg7 7.
Nf3 e6 8. O-O Ne7 9. e5 d5 10.
Ne2 d4 11. Bd2 Nf5 12. a4 b4 13.
b3 O-O 14. Qe1 Nd7 15. g4 Ne3 16. Bxe3 dxe3 17. g5 Nb6 18. Nh4 Bxg2 19. Nxg2 Nd5 20. Qg3 Qb6 21. Kh1 h6 22. h4 hxg5 23. hxg5 Qc6 24. Qf3 Rfc8 25. Rae1 Kf8 26. Ng3 Ke7 27. Nxe3 Rh8+ 28. Kg1 Rh3 29. Nxd5+ Qxd5 30. Qxd5 exd5 31. Kg2 Rh4 32. Kf3 c4 33. dxc4 dxc4 34. Rh1 Rxh1 35. Rxh1 Rc8 36. Ne4 cxb3 37. cxb3 Rc2 38. Rd1 Bf8 39.
Rd3 Ke6 40. Nd6 Rc3 41. Ke4 Bxd6 42. Rxd6+ Ke7 43. Rd3 Rc2 44. Kd5 a5 45. Kd4 Ke6 46. Ke4 Re2+ 47. Kf3 Rc2 48. Ke3 Kf5 49. Kf3 Rc3 50.
Rxc3 bxc3 51. Ke3 c2 52. Kd2 Kxf4 53. b4 axb4 54. Kxc2 Kxe5 55. Kb3 f5 56. gxf6 Kxf6 57. a5 g5 58. a6 g4 59. a7 g3 60. a8=Q Kf5 61. Qg2 Kg4 62. Kxb4 1-0

[Event "Late-Titled-Tuesday-Blitz-September-12-2023"]
[Site "Chess.com"]
[Date "2023.09.12"]
[Round "6"]
[White "h4parah5"]
[Black "Lennis93"]
[Result "1-0"]
[WhiteElo "2952"]
[BlackElo "2717"]
[TimeControl "180+1"]
[EndTime "15:05:29 PDT"]
[Termination "h4parah5 won by checkmate"]

1. Nf3 d5 2. b4 Nf6 3. Bb2 g6 4. c4 Bg7 5. cxd5 Qxd5 6. Nc3 Qd8 7. e3 O-O 8. Be2 a5 9. b5 c5 10. O-O b6 11. d4 Nbd7 12. Ne5 Nxe5 13. dxe5 Nd7 14.
f4 Bb7 15. Bf3 Qc7 16. Nd5 Bxd5 17. Bxd5 Rad8 18. Qf3 e6 19. Bc4 Rfe8 20. Rad1 Nf8 21. Bc3 Rxd1 22. Rxd1 Rd8 23. Rf1 a4 24. a3 g5 25. Qc6 Qb8 26. g3 Ng6 27. Qf3 Qc7 28. Rd1 Ne7 29. Kf2 h6 30. Ke1 Kf8 31. Kf2 Ke8 32.
Rxd8+ Qxd8 33. Qb7 Nd5 34. Be1 Bf8 35. f5 Be7 36. f6 Bf8 37. g4 Qd7 38. Qa8+ Qd8 39. Qxa4 Qb8 40. Qa6 Kd7 41. e4 Nc7 42. Qa4 Qa8 43.
Qxa8 Nxa8 44. a4 Kc7 45. Kf3 Kb7 46. h4 gxh4 47. Bxh4 Kc7 48. Be1 Kd7 49. Kg3 Kc7 50. Kh4 Kd7 51. Kh5 Nc7 52. Bd2 Ne8 53. Bxh6 Bd6 54. exd6 Nxf6+ 55. Kh4 Nxe4 56. Bf4 f6 57. Bd3 e5 58. Bxe4 exf4 59. g5 Kxd6 60. g6 Ke7 61. Kg4 Kf8 62. Kxf4 Kg7 63. Bf5 c4 64.
Ke3 c3 65. Kd3 Kh6 66. Kxc3 Kg5 67. g7 Kxf5 68. g8=Q Ke5 69. Qb8+ Kf5 70. Qxb6 Ke4 71. Qc6+ Ke5 72. b6 Kf5 73. b7 Kg6 74. b8=Q Kf7 75. Qbe8+ Kg7 76. Qcd7+ Kh6 77. Qh8+ Kg5 78. Qhg7+ Kf4 79.
Qdg4+ Ke5 80. Qd4+ Ke6 81. Qgxf6# 1-0

[Event "Late-Titled-Tuesday-Blitz-September-12-2023"]
[Site "Chess.com"]
[Date "2023.09.12"]
[Round "6"]
[White "arminmusovic"]
[Black "GarayevKanan"]
[Result "0-1"]
[WhiteElo "2531"]
[BlackElo "2718"]
[TimeControl "180+1"]
[EndTime "15:05:31 PDT"]
[Termination "GarayevKanan won by checkmate"]

1. e4 c5 2. c3 Nf6 3. e5 Nd5 4. d4 cxd4 5. Nf3 Nc6 6. Bc4 Nb6 7. Bb3 d6 8. exd6 Qxd6 9. O-O Bf5 10. Na3 dxc3 11.
Nb5 Qb8 12. Re1 e6 13. Nh4 a6 14. Nxc3 Bg6 15. Qg4 Be7 16. Bf4 Qc8 17. Nxg6 hxg6 18. Ne4 e5 19. Qf3 Qf5 20. Bg3 Qxf3 21. gxf3 O-O 22. Kg2 Rad8 23. h4 Nd4 24. Bxe5 Nxb3 25.
axb3 Nd5 26. Bg3 f5 27. Ng5 Bxg5 28. hxg5 f4 29. Bh2 Rf5 30. Kh1 Rxg5 31. Rad1 Rf8 32.
Re4 Rh5 33. Kg1 Rg5+ 34. Kf1 Rh5 35. Bg1 Rhf5 36. Red4 Nf6 37. Rd8 Rxd8 38. Rxd8+ Kf7 39. Rb8 Rb5 40. Bh2 g5 41. Kg2 Rxb3 42. Rc8 Kg6 43. Rc2 b5 44. Rd2 a5 45. Rc2 a4 46.
Rd2 b4 47. Rc2 a3 48. bxa3 Rxa3 49. Rc6 Rc3 50. Rb6 b3 51. Bg1 Kf5 52. Rb5+ Ke6 53.
Rxg5 b2 54. Rb5 Rc2 55. Bh2 Nd5 56. Rb8 Nc3 57. Bxf4 b1=Q 58. Rxb1 Nxb1 59. Kg3 Nc3 60. Be3 Nd5 61. Bd4 g6 62. f4 Rc4 63. Be5 g5 64.
Bb8 gxf4+ 65. Kf3 Kf5 66. Ba7 Rc3+ 67. Kg2 Kg4 68. f3+ Rxf3 69. Bg1 Rg3+ 70. Kh1 Rh3+ 71. Kg2 Ne3+ 72. Bxe3 Rxe3 73. Kg1 Re2 74. Kf1 f3 75. Kg1 Kg3 76. Kf1 Re5 77. Kg1 Re1# 0-1

[Event "Late-Titled-Tuesday-Blitz-September-12-2023"]
[Site "Chess.com"]
[Date "2023.09.12"]
[Round "6"]
[White "MikaelyanArman"]
[Black "mishanick"]
[Result "0-1"]
[WhiteElo "2932"]
[BlackElo "3071"]
[TimeControl "180+1"]
[EndTime "15:05:33 PDT"]
[Termination "mishanick won by resignation"]

1. d4 Nf6 2. c4 e6 3. Nf3 d5 4.
Nc3 Nbd7 5. e3 dxc4 6. Bxc4 a6 7.
a4 c5 8. O-O Be7 9. e4 cxd4 10.
Qxd4 Nb6 11. Qxd8+ Bxd8 12. Be2 Nbd7 13. Be3 b6 14. Rfd1 Bb7 15. Nd2 Be7 16. f3 O-O 17. Nc4 Rfb8 18. Bf4 Rc8 19. Nd6 Bxd6 20. Rxd6 Bc6 21.
Rad1 Nc5 22. Be3 Bxa4 23. Nxa4 Nxa4 24. R1d2 Ne8 25. Rd7 Nc5 26. Re7 Kf8 27. Bxc5 Rxc5 28. Rdd7 Nd6 29. f4 Rc1+ 30. Bf1 Re8 31. Rxe8+ Nxe8 32. e5 Rb1 33. h4 h5 34. Rb7 b5 35. Ra7 Rxb2 36. Rxa6 Nc7 37. Rb6 Ke7 38. g3 g6 39.
Bg2 b4 40. Bc6 Rc2 41. Ba4 Rc1+ 42. Kf2 Rc4 43. Rb8 f6 44. Ke3 fxe5 45. fxe5 Nd5+ 46. Kd3 Rg4 47. Rb7+ Kf8 48. Bd7 Rxg3+ 49. Kd4 Nf4 50.
Rxb4 Rg4 51. Rb8+ Ke7 52. Bb5 Rxh4 53. Kc5 g5 54. Rb7+ Kf8 55. Kd6 Rh2 56. Rb8+ Kg7 57.
Rb7+ Kg6 58. Be8+ Kf5 59. Rf7+ Kg4 60. Bd7 Rd2+ 61. Ke7 Rxd7+ 62. Kxd7 h4 63. Ke7 h3 64. Rh7 Nh5 65. Rf7 h2 66. Rf1 Nf4 67. Kf6 Kh4 68.
Rh1 Kg3 69. Kxg5 Nd3 70. Kf6 Nf4 71. Kg5 Nd5 72. Kg6 Kg2 73. Rxh2+ Kxh2 74. Kf7 Nf4 75. Kf6 Kg3 76. Kg5 Kf3 77. Kf6 Ke4 78. Ke7 Kxe5 0-1

[Event "Late-Titled-Tuesday-Blitz-September-12-2023"]
[Site "Chess.com"]
[Date "2023.09.12"]
[Round "6"]
[White "atigerman"]
[Black "simplerXiao"]
[Result "1/2-1/2"]
[WhiteElo "2684"]
[BlackElo "2518"]
[TimeControl "180+1"]
[EndTime "15:05:35 PDT"]
[Termination "Game drawn - insufficient material"]

1. e4 c5 2. Nf3 e6 3. g3 Nc6 4.
Bg2 g6 5. h4 Bg7 6. h5 g5 7. d3 h6 8. c3 Nge7 9. Be3 b6 10. d4 cxd4 11. Nxd4 Nxd4 12. Bxd4 e5 13. Be3 Bb7 14. Na3 d5 15. exd5 Bxd5 16. Qa4+ Qd7 17.
Qxd7+ Kxd7 18. O-O-O Ke6 19. Bxd5+ Nxd5 20. g4 Rhc8 21.
Rd2 Bf8 22. Nc2 Bc5 23. Bxc5 Rxc5 24. Re1 Nf4 25. Nd4+ Kf6 26. Nf5 Re8 27. Nxh6 e4 28. Rd6+ Kg7 29. Nf5+ Kh7 30. Rd7 Nxh5 31. Rh1 Kg6 32.
Ne7+ Kf6 33. Nd5+ Ke6 34. Rxh5 Kxd7 35. Nf6+ Ke7 36. Nxe8 Kxe8 37. Kd2 Rb5 38. b3 Re5 39. Ke3 Ke7 40. Rh8 Kf6 41. Ra8 Ra5 42. a4 b5 43.
axb5 Rxb5 44. b4 Rb7 45. Kxe4 Re7+ 46. Kd3 Ke5 47. b5 Kf4 48. c4 Kxg4 49. c5 Kf3 50. c6 Kxf2 51. Rxa7 Rxa7 52. b6 Ra3+ 53. Kc2 g4 54. b7 g3 55. b8=Q g2 56. Qb6+ Re3 57. c7 g1=Q 58. c8=Q Qg2 59. Qf5+ Kg3+ 60. Kd1 Qg1+ 61.
Kd2 Re2+ 62. Kxe2 Qxb6 63. Qxf7 Qb2+ 64. Ke3 Qc3+ 65. Ke4 Qc2+ 66. Ke5 Qe2+ 67. Kd6 Qd3+ 68. Ke7 Qe4+ 69. Kf8 Qf4 70. Kg7 Qxf7+ 71. Kxf7 1/2-1/2

[Event "Late-Titled-Tuesday-Blitz-September-12-2023"]
[Site "Chess.com"]
[Date "2023.09.12"]
[Round "6"]
[White "SCIM"]
[Black "Quattroporte300"]
[Result "1-0"]
[WhiteElo "2590"]
[BlackElo "2412"]
[TimeControl "180+1"]
[EndTime "15:05:39 PDT"]
[Termination "SCIM won on time"]

1. d4 d5 2. Nf3 Nf6 3. e3 g6 4. Bd3 Bg7 5. O-O O-O 6. b3 b6 7. Bb2 Bb7 8. Nbd2 Nbd7 9. Ne5 c5 10. Ndf3 Rc8 11. Qe2 Ne4 12. Rfd1 Nxe5 13. dxe5 Qc7 14. c4 e6 15. Rac1 Rfd8 16. h4 h5 17. cxd5 exd5 18. Ba6 Re8 19. Bb5 Re7 20. b4 c4 21. Bd4 a6 22. Ba4 b5 23. Bc2 a5 24. a3 Bc6 25. Qe1 Ra8 26. Rb1 Ree8 27. a4 axb4 28. axb5 Bxb5 29. Qxb4 Reb8 30. Qe1 Bc6 31. Rxb8+ Rxb8 32. Rb1 Ra8 33. Qb4 Bf8 34. Qb2 Ba3 35. Qb6 Qc8 36.
Bxe4 dxe4 37. Ng5 Be7 38. e6 fxe6 39. Qb2 Bf8 40. Qc3 Bd5 41. g3 Ra3 42. Qc2 c3 43. Nxe4 Bxe4 44. Qxe4 Kf7 45. Rb7+ Be7 46. Qf4+ Ke8 47. Rc7 Qd8 48. Rxc3 Rxc3 49. Bxc3 Qd1+ 50. Kg2 Qd3 51. Qa4+ Kf7 52. Qd4 Qxd4 53. Bxd4 Bd6 54. e4 Ke7 55. Kf3 e5 56. Be3 Ke6 57. Bg5 Bc5 58.
Ke2 Bd4 59. Be3 Bc3 60. f3 Bb2 61. Kd3 Ba3 62. Bd2 Bc5 63. Bg5 Bf2 64. g4 Be1 65. Kc4 Bf2 66. Kb5 Ba7 67. Kc6 Bf2 68. Kc7 Bd4 69.
Kd8 Bc5 70. Ke8 Bb4 71. gxh5 1-0

[Event "Late-Titled-Tuesday-Blitz-September-12-2023"]
[Site "Chess.com"]
[Date "2023.09.12"]
[Round "6"]
[White "likantrophuss"]
[Black "Mikhal867"]
[Result "1-0"]
[WhiteElo "2603"]
[BlackElo "2442"]
[TimeControl "180+1"]
[EndTime "15:05:42 PDT"]
[Termination "likantrophuss won by checkmate"]

1. e4 g6 2. g3 Bg7 3. Bg2 c5 4.
Nc3 Nc6 5. Nge2 e5 6. h3 Nge7 7.
Nd5 O-O 8. d3 d6 9. c4 f5 10.
Bg5 h6 11. Bxe7 Nxe7 12. Nec3 f4 13. g4 Nc6 14. Bf3 a6 15. h4 b5 16. b3 Rf7 17. h5 g5 18. cxb5 axb5 19. Nxb5 Ba6 20. Nbc3 Qa5 21. O-O Nd4 22. a4 Rb8 23. Rb1 Rfb7 24.
Nb5 Bxb5 25. axb5 Rxb5 26. Kg2 Kf7 27. Ra1 Qd8 28. Ra6 Bf8 29. Qa1 Nxb3 30. Ra7+ R5b7 31. Qa6 Qc8 32. Rxb7+ Qxb7 33. Qa4 Nd4 34. Qc4 Kg7 35. Ra1 Be7 36. Ra6 Bf8 37. Qa2 Kh8 38. Ra7 Qb3 39. Nf6 Bg7 40. Qxb3 Nxb3 41. Nd5 Nd4 42. Rd7 Bf8 43. Nf6 Bg7 44. Nd5 Nb5 45. Bd1 Ra8 46.
Bb3 Nd4 47. Bc4 f3+ 48. Kg3 Bf8 49. Nf6 Bg7 50. Nd5 Ne6 51. Rxd6 Nf4 52. Ne7 Ne2+ 53.
Kxf3 Nd4+ 54. Kg3 Ra1 55. Ng6+ Kh7 56. f4 exf4+ 57. Kf2 Rc1 58. Rd8 Bf6 59. Rd7+ Bg7 60. Rd8 Bf6 61. Rd7+ Bg7 62. e5 Rc2+ 63. Kf1 f3 64.
Rd8 Bxe5 65. Nxe5 Rc1+ 66. Kf2 Rc2+ 67. Kf1 Rc1+ 68. Kf2 Rc2+ 69. Kg3 Rg2+ 70. Kh3 Rg1 71. Rd7+ Kh8 72. Ng6# 1-0

[Event "Late-Titled-Tuesday-Blitz-September-12-2023"]
[Site "Chess.com"]
[Date "2023.09.12"]
[Round "6"]
[White "laskakid"]
[Black "GiorgianBarbosa"]
[Result "1/2-1/2"]
[WhiteElo "2248"]
[BlackElo "2423"]
[TimeControl "180+1"]
[EndTime "15:05:44 PDT"]
[Termination "Game drawn - insufficient material"]

1. d4 Nf6 2. c4 e6 3. Nc3 d5 4.
Bg5 Be7 5. e3 O-O 6. Nf3 a6 7.
Rc1 Nbd7 8. Bd3 dxc4 9. Bxc4 b5 10. Bd3 Bb7 11. O-O c5 12. a3 h6 13. Bh4 Rc8 14.
e4 cxd4 15. Nxd4 Ne5 16. Bb1 Nfg4 17. Bxe7 Qxe7 18. Qe2 Rfd8 19. Rcd1 Qh4 20. h3 Nf6 21. Rfe1 Nc4 22. Nf3 Qh5 23. a4 b4 24. Rxd8+ Rxd8 25. Qxc4 bxc3 26. Qxc3 Rc8 27. Qb4 Ba8 28. Qe7 Re8 29.
Qa7 g5 30. Qxa6 g4 31. hxg4 Nxg4 32. Qb5 Qxb5 33. axb5 Rb8 34. Bd3 Nf6 35. Nd2 Nd7 36. Ra1 Nc5 37. Bc4 Bxe4 38. b4 Rd8 39. bxc5 Rxd2 40.
c6 Rc2 41. Ra4 Bd5 42. Bxd5 exd5 43. Rd4 Rc5 44. c7 Rxc7 45. Rxd5 Rc1+ 46. Kh2 Rc2 47. Kg3 Rb2 48. Rc5 Kg7 49. f3 Rb4 50. Kh3 Rb2 51.
g4 Rb3 52. Kg3 Rb4 53. f4 Rb3+ 54. Kh4 Rb2 55. f5 Rb4 56. Kg3 Kf6 57. Rc6+ Kg5 58. b6 Rb3+ 59. Kf2 Kxg4 60. Rxh6 Kxf5 61. Rc6 Kg5 62. Rc7 f5 63. b7 Kf4 64. Ke2 Rb6 65. Kd2 Kf3 66. Re7 f4 67. Kc3 Kf2 68. Kc4 f3 69. Kc5 Rb1 70. Kc6 Kf1 71. Re5 Rxb7 72. Kxb7 f2 73. Rf5 Kg2 74. Rxf2+ Kxf2 1/2-1/2

[Event "Late-Titled-Tuesday-Blitz-September-12-2023"]
[Site "Chess.com"]
[Date "2023.09.12"]
[Round "6"]
[White "Nekoo04"]
[Black "Flaccidmoves"]
[Result "1-0"]
[WhiteElo "2290"]
[BlackElo "2439"]
[TimeControl "180+1"]
[EndTime "15:05:58 PDT"]
[Termination "Nekoo04 won by checkmate"]

1. d4 Nf6 2. c4 g6 3. Nc3 Bg7 4.
e4 d6 5. Nf3 O-O 6. Be2 e5 7.
d5 a5 8. O-O Na6 9. Bg5 h6 10.
Bh4 Nc5 11. Nd2 c6 12. b3 Qb6 13. a3 Rb8 14. Rb1 Re8 15. b4 axb4 16. axb4 Ncd7 17. Kh1 cxd5 18. cxd5 Ra8 19. f3 Qd8 20. Bf2 Nh5 21. Nc4 Bf8 22. Nb5 Ndf6 23. Rc1 Nf4 24. Nb6 Rb8 25. Nxc8 Rxc8 26. Qd2 Qd7 27. Na7 Rxc1 28. Rxc1 N6h5 29. Bf1 Qe7 30. Bb5 Ra8 31. Bf1 f5 32.
Rc8 Rxc8 33. Nxc8 Qc7 34. Nb6 fxe4 35. fxe4 Qf7 36. g3 g5 37. gxf4 Nxf4 38. Bg3 h5 39.
Nc4 h4 40. Bxf4 gxf4 41. Bh3 Kh8 42. Qg2 Qf6 43. Nd2 f3 44. Qxf3 Qg7 45. Qg4 Qf6 46. Nf3 Be7 47. Qf5 Qxf5 48. Bxf5 Kg7 49. Kg2 Kf8 50. Kh3 Ke8 51. Nxh4 Kd8 52. Kg4 Kc7 53.
Ng6 Bd8 54. h4 Kb6 55. Bd7 Kc7 56. Be8 Kc8 57. h5 Bb6 58. h6 Bd4 59. h7 Bc3 60.
h8=Q Bxb4 61. Bb5+ Kc7 62. Ne7 Kb6 63. Ba4 Kc5 64.
Qc8+ Kd4 65. Kf5 Bc5 66. Qxb7 Ke3 67. Nc6 Kf3 68. Nxe5+ dxe5 69. Kxe5 Bf2 70. d6 Bg3+ 71. Ke6 Kf4 72. d7 Bh4 73. Qc7+ Kg5 74. d8=Q+ Kh5 75.
Qxh4+ Kg6 76. Qcf4 Kg7 77. Qff6+ Kg8 78. Qhh8# 1-0

[Event "Late-Titled-Tuesday-Blitz-September-12-2023"]
[Site "Chess.com"]
[Date "2023.09.12"]
[Round "6"]
[White "S-Fazulyanov"]
[Black "Macron20hTF1"]
[Result "1/2-1/2"]
[WhiteElo "2479"]
[BlackElo "2624"]
[TimeControl "180+1"]
[EndTime "15:06:15 PDT"]
[Termination "Game drawn by repetition"]

1. e4 c6 2. d4 d5 3. exd5 cxd5 4. Bd3 Nf6 5. c3 Bg4 6. Qb3 Qc7 7. Nd2 e6 8. h3 Bh5 9. Ngf3 Bd6 10. O-O O-O 11. Ne5 Bxe5 12. dxe5 Qxe5 13. Qxb7 Nbd7 14. Nb3 a5 15. Be3 a4 16. Nc5 Nxc5 17. Bxc5 Rfb8 18.
Qc6 Rc8 19. Bd4 Qb8 20. Qb5 Qxb5 21. Bxb5 Rcb8 22. c4 Be2 23. Rfc1 Ne4 24. Bc6 Bxc4 25. Bxa8 Rxa8 26. b3 Bb5 27. bxa4 Bxa4 28. Rc7 h5 29. Rac1 Bb5 30. Rc8+ Rxc8 31. Rxc8+ Kh7 32. Rb8 Bc4 33. a3 Nd6 34. a4 f6 35. a5 e5 36. Bc5 Ne4 37.
Bb4 d4 38. f3 Ng3 39. Rb6 f5 40. Bd6 Ne2+ 41. Kf2 e4 42. a6 e3+ 43. Ke1 d3 44. Bb4 Nf4 45. a7 Nxg2+ 46. Kd1 Bb3+ 47. Kc1 Bd5 48.
Rb8 Bxf3 49. a8=Q d2+ 50. Bxd2 exd2+ 51. Kxd2 Bxa8 52. Rxa8 Nf4 53. h4 Ng2 54. Ra4 f4 55. Ke2 Kg6 56. Kf3 Nxh4+ 57. Kxf4 Kh6 58. Ra6+ g6 59. Rb6 Nf5 60. Rf6 Nd4 61. Rd6 Ne2+ 62. Kf3 Nc3 63. Kf4 Nb5 64. Rb6 Nd4 65. Ra6 Kg7 66. Kg5 Nf3+ 67. Kf4 Nd2 68. Kg5 Ne4+ 69. Kf4 Nc5 70. Rc6 Nd3+ 71. Kg5 Ne5 72. Rc7+ Kg8 73. Kf6 Ng4+ 74. Kxg6 Ne5+ 75. Kxh5 Kf8 76. Kg5 Ke8 77. Kf6 Nd7+ 78. Ke6 Nf8+ 79. Kd6 Ng6 80. Rg7 Nf8 81. Ra7 Ng6 82. Ke6 Nf8+ 83. Kf6 Nd7+ 84.
Ke6 Nf8+ 85. Kd6 Ng6 86. Ke6 Nf8+ 1/2-1/2

[Event "Late-Titled-Tuesday-Blitz-September-12-2023"]
[Site "Chess.com"]
[Date "2023.09.12"]
[Round "7"]
[White "KamlaPasand"]
[Black "stasOR4ik"]
[Result "0-1"]
[WhiteElo "2291"]
[BlackElo "2432"]
[TimeControl "180+1"]
[EndTime "15:09:14 PDT"]
[Termination "stasOR4ik won by checkmate"]

1. e4 c6 2. d4 d5 3. Nc3 dxe4 4. Nxe4 Nf6 5. Nxf6+ exf6 6. Nf3 Bd6 7. Bc4 O-O 8. O-O Bg4 9. h3 Bh5 10. c3 Re8 11. Qb3 Qc7 12. g4 Bg6 13. Nh4 b5 14. Bxb5 cxb5 15. Qxb5 Bh2+ 16. Kg2 Be4+ 17. f3 Qg3+ 18. Kh1 Bc6 19. Qc4 Qxh3 20. Ng2 Bg3+ 21. Kg1 Qh2# 0-1

[Event "Late-Titled-Tuesday-Blitz-September-12-2023"]
[Site "Chess.com"]
[Date "2023.09.12"]
[Round "7"]
[White "PabloZarnicki"]
[Black "atigerman"]
[Result "1-0"]
[WhiteElo "2515"]
[BlackElo "2665"]
[TimeControl "180+1"]
[EndTime "15:09:28 PDT"]
[Termination "PabloZarnicki won by resignation"]

1. e4 Nf6 2. e5 Nd5 3. Nc3 Nxc3 4. bxc3 d6 5. f4 c5 6. d4 cxd4 7. cxd4 dxe5 8. fxe5 Bf5 9. Rb1 Be4 10. Nf3 Nc6 11. Bd3 Qd5 12. c4 Bxf3 13. cxd5 Bxd1 14. dxc6 Ba4 15.
cxb7 Rb8 16. e6 1-0